 Dungeon Crawl Stone Soup version 0.25.0-26-g0c896c7088 (webtiles) character file.

Game seed: 15777690687905188117

152 mortelune the Chopper (level 5, 0/42 HPs)
             Began as a Demonspawn Chaos Knight on July 3, 2020.
             Was a Plaything of Xom.
             Succumbed to an orc's poison
             ... on level 5 of the Dungeon.
             The game lasted 00:04:48 (3230 turns).

mortelune the Chopper (Demonspawn Chaos Knight)     Turns: 3230, Time: 00:04:48

Health: 0/42       AC:  8    Str: 13    XL:     5   Next: 11%
Magic:  5/5        EV: 11    Int: 16    God:    Xom [...*..]
Gold:   410        SH:  0    Dex: 12    Spells: 4/4 levels left

rFire    . . .     SeeInvis .   a - +0 hand axe (chaos)
rCold    . . .     Gourm    .   (no shield)
rNeg     . . .     Faith    .   b - +2 leather armour
rPois    .         Spirit   .   (no helmet)
rElec    +         Reflect  .   (no cloak)
rCorr    .         Harm     .   k - +0 pair of gloves
MR       +....                  (no boots)
Stlth    +.........             n - amulet of magic regeneration
HPRegen  0.54/turn              M - ring of protection from magic
MPRegen  0.34/turn              (no ring)

@: confused, lethally poisoned (0 -> -38), hasted, drained, very quick
A: claws 1, iridescent scales 1, clever 1, regeneration 1, electricity
resistance, wild magic 2
a: Renounce Religion


You were on level 5 of the Dungeon.
You worshipped Xom.
You were a favourite toy of Xom.
You were not hungry.

You visited 1 branch of the dungeon, and saw 5 of its levels.

You collected 410 gold pieces.

Inventory:

Hand Weapons
 a - a +0 hand axe of chaos (weapon)
 o - a +0 hunting sling
Missiles
 p - 11 sling bullets
Armour
 b - a +2 leather armour (worn)
 d - a +0 scale mail
 k - a +0 pair of gloves (worn)
Jewellery
 n - an amulet of magic regeneration (around neck)
 M - a ring of protection from magic (left hand)
Scrolls
 f - 4 scrolls of identify {unknown}
 g - 3 scrolls of amnesia {unknown}
 j - a scroll of fear {unknown}
 r - a scroll of magic mapping {unknown}
 s - a scroll of enchant weapon {unknown}
Potions
 h - a potion of heal wounds {unknown}
 i - a potion of curing {unknown}
 m - a potion of might {unknown}
 q - a potion of haste
Comestibles
 c - 3 rations
 l - 2 chunks of flesh


   Skills:
 + Level 3.8(3.0) Fighting
 * Level 4.2(3.4) Axes
 + Level 2.8(2.0) Armour
 - Level 0.8(0.1) Dodging


You had 4 spell levels left.
You didn't know any spells.
Your spell library was empty.

Dungeon Overview and Level Annotations

Branches:
Dungeon (5/15)
 Temple: D:4-7

Altars:

Annotations:
D:2 1 runed translucent door, Crazy Yiuf
D:4 Grinder


Innate Abilities, Weirdness & Mutations

You have sharp fingernails.
You are partially covered in iridescent scales. (AC +2)
Your mind is acute. (Int +2)
Your natural rate of healing is unusually fast.
You are resistant to electric shocks. (rElec)
Your spells are harder to cast, but more powerful.


Message History

You kill the orc!
Something hits you but does no damage.
You are more poisoned.
* * * LOW HITPOINT WARNING * * *
You feel very sick. Something hits you.
* * * LOW HITPOINT WARNING * * *
You are more poisoned.
Things that are here:
a +0 flail; a +0 leather armour It was a potion of haste.
You feel yourself speed up.
* * * LOW HITPOINT WARNING * * *
You feel very sick. Something hits you but does no damage.
You are more poisoned.
It was a potion of ambrosia.
You are confused.
You feel invigorated.
You die...
Xom snickers!

# .# . #.## ..
###...### ..
#...#....
#.#.####.#......
..............#
.......)@.#
....###){.# .
#...# #<..#
#.........
###.#.#### .#.#
.# # .#


There were no monsters in sight!

Vanquished Creatures
  An orc priest (D:3)
  A gnoll (D:1)
  2 adders
  An ooze (D:3)
  2 worms (D:2)
  3 dart slugs
  2 leopard geckos
  6 orcs
  2 ball pythons
  9 bats
  A giant cockroach (D:1)
  9 goblins
  3 hobgoblins
  4 jackals (D:1)
  2 quokkas
  7 frilled lizards
  10 kobolds
  9 rats
74 creatures vanquished.

Notes
Turn   | Place    | Note
-------+----------+-------------------------------------------
     0 | D:1      | mortelune the Demonspawn Chaos Knight began the quest for
                  | the Orb.
     0 | D:1      | Reached XP level 1. HP: 18/18 MP: 1/1
   261 | D:1      | XOM: smoke on damage
   273 | D:1      | XOM: silly message
   340 | D:1      | XOM: divination: magic mapping
   365 | D:1      | XOM: silly message
   385 | D:1      | Reached skill level 3 in Axes
   400 | D:1      | Gained mutation: You are partially covered in iridescent
                  | scales. (AC +2) [demonic ancestry]
   400 | D:1      | Reached XP level 2. HP: 24/24 MP: 2/2
   572 | D:1      | XOM: potion effect (brilliance)
   617 | D:1      | XOM: divination: detect creatures
   690 | D:1      | Reached XP level 3. HP: 29/29 MP: 3/3
   842 | D:1      | XOM: 4-stop teleportation journey
  1524 | D:2      | Found a runed translucent door.
  1525 | D:2      | Noticed Crazy Yiuf
  1538 | D:2      | XOM: 2-stop teleportation journey
  1689 | D:2      | XOM: god gift: 310 gold pieces
  1717 | D:2      | XOM: give mutations
  1717 | D:2      | Gained mutation: Your spells are a little harder to cast,
                  | but a little more powerful. [Xom's grace]
  1717 | D:2      | Gained mutation: You are resistant to electric shocks.
                  | (rElec) [Xom's grace]
  2308 | D:3      | Gained mutation: You have sharp fingernails. [demonic
                  | ancestry]
  2308 | D:3      | Reached XP level 4. HP: 31/35 MP: 4/4
  2497 | D:3      | XOM: draining
  2512 | D:3      | XOM: cloud trail
  2533 | D:3      | XOM: confuse monster(s)
  2573 | D:3      | XOM: potion effect (berserk rage)
  2574 | D:3      | Reached skill level 4 in Axes
  2576 | D:3      | XOM: potion effect (stabbing)
  2931 | D:3      | XOM: give mutations
  2931 | D:3      | Gained mutation: Your natural rate of healing is unusually
                  | fast. [Xom's grace]
  2931 | D:3      | Gained mutation: Your mind is acute. (Int +2) [Xom's grace]
  2931 | D:3      | Gained mutation: Your spells are harder to cast, but more
                  | powerful. [Xom's grace]
  2954 | D:3      | XOM: noise
  3071 | D:4      | Noticed Grinder
  3191 | D:4      | XOM: 2-stop teleportation journey
  3197 | D:4      | Reached XP level 5. HP: 42/42 MP: 5/5
  3200 | D:4      | Noticed an ogre
  3204 | D:4      | XOM: enchant monster (good)
  3210 | D:5      | Entered Level 5 of the Dungeon
  3229 | D:5      | HP: 1/42 [poisoned by an orc]
  3230 | D:5      | Succumbed to an orc's poison

Illustrated notes

Levels and vault maps discovered:
D:1:      minmay_arrival_diagonal_passages, layout_rooms, skrybe_limestone_x,
          fountainhead
D:2:      minmay_skewed_foursquare, layout_basic, uniq_crazy_yiuf_cottage
D:3:      layout_rooms
D:4:      layout_basic, grunt_temple_overflow_open,
          gammafunk_temple_overflow_elements, first_ration, minmay_hedge_maze,
          uniq_grinder
D:5:      layout_loops_ring, gup_sewer_entry_bowl, serial_shops, shop,
          chequers_serial_rivers_micro_b

Skill      XL: |  1  2  3  4 |
---------------+-------------+-----
Axes           | 3 4 |  4.2
Armour         | 2 |  2.8
Fighting       | |  3.8
Dodging        | |  0.8

Action                   |  1- 3 |  4- 6 || total
-------------------------+-------+-------++-------
Melee: Hand axe          |   158 |    79 ||   237
  Use: Potion            |       |     2 ||     2
 Stab: Confused          |       |     1 ||     1
  Eat: Chunk             |     5 |     3 ||     8
Armor: Leather armour    |    83 |    68 ||   151
Dodge: Dodged            |   113 |    73 ||   186
